 Dungeon Crawl Stone Soup version 0.29-a0-824-gd827844252 (webtiles) character file.

Game seed: 3734234298793749982

174512 Malachi the Gelid (level 17, 0/88 (132) HPs)
             Began as a Demonspawn Ice Elementalist on July 10, 2022.
             Was a High Priest of Vehumet.
             Killed from afar by a shadow dragon (32 damage)
             ... with a bolt of negative energy
             ... on level 1 of the Depths.
             The game lasted 01:36:37 (44986 turns).

Malachi the Gelid (Demonspawn Ice Elementalist)    Turns: 44986, Time: 01:36:38

HP:   0/88 (132)    AC: 12    Str:  9    XL:     17   Next: 45%
MP:   6/31          EV: 12    Int: 23    God:    Vehumet [*****.]
Gold: 2064          SH: 15    Dex: 21    Spells: 3/36 levels left

rFire   + . .      SeeInvis .   R - staff of cold
rCold   + + .      Faith    .   j - +3 buckler {reflect}
rNeg    . . .      Spirit   .   H - +2 robe {Will+}
rPois   .          Reflect  +   r - +0 helmet
rElec   .          Harm     .   n - scarf {rC+ rF+}
rCorr   .          Rampage  .   (no gloves)
Will    ++...                   C - +0 pair of boots
Stlth   ++........              D - amulet of reflection
HPRegen 0.24/turn               k - +6 ring of dexterity
MPRegen 0.22/turn               u - +4 ring of protection

@: studying Armour, very heavily drained
A: rugged brown scales 2, demonic guardian 1, ignite blood 2, weakness stinger 2
a: Renounce Religion


You were on level 1 of the Depths.
You worshipped Vehumet.
Vehumet was extremely pleased with you.
You visited 4 branches of the dungeon, and saw 24 of its levels.
You also visited: Bailey.

You collected 2064 gold pieces.

Inventory:

Hand Weapons
 l - a +5 scimitar
 J - the +0 dagger "Ybleb" {spect, Fragile rC+++ rCorr Int+2}
   (You found it on level 1 of the Lair of Beasts)

   When its wielder attacks, the weapon's spirit leaps out and strikes again.
   The spirit shares a part of any damage it takes with its wielder.
   Int:       It affects your intelligence (+2).
   rC:        It renders you almost immune to cold.
   rCorr:     It protects you from acid and corrosion.
   Fragile:   It will be destroyed if unequipped.
 W - the +0 staff of Battle
   (You acquired it on level 13 of the Dungeon)

   It enhances your conjuration magic.
   It summons a battlesphere in combat, with strength depending on Conjurations
   skill.
   Its strikes trigger the battlesphere's blasts.
Missiles
 a - 7 throwing nets
 M - 14 curare-tipped darts
Armour
 f - the +2 helmet "Loitt" {rC++}
   (You found it on level 1 of the Depths)

   rC:        It greatly protects you from cold.
 j - a +3 buckler of reflection (worn)
 n - a scarf of resistance (worn)
 r - a +0 helmet (worn)
 C - a +0 pair of boots (worn)
 H - a +2 robe of willpower (worn)
Magical Staves
 R - a staff of cold (weapon)
Jewellery
 k - a +6 ring of dexterity (left hand)
 s - an amulet of the acrobat
 u - a +4 ring of protection (right hand)
 y - a +6 ring of intelligence
 D - an amulet of reflection (around neck)
 P - a ring of flight
 Y - a ring of protection from cold
 Z - a ring of positive energy
Wands
 c - a wand of charming (42)
 p - a wand of mindburst (11)
 B - a wand of light (26)
 E - a wand of digging (3)
 I - a wand of roots (6)
 L - a wand of polymorph (4)
 Q - a wand of flame (23)
Scrolls
 i - 2 scrolls of fear
 m - 3 scrolls of torment
 q - 5 scrolls of magic mapping
 t - 3 scrolls of poison
 v - 6 scrolls of enchant armour
 w - 4 scrolls of fog
 z - 2 scrolls of teleportation
 F - a scroll of summoning
 G - 6 scrolls of amnesia
 N - 3 scrolls of immolation
 T - 5 scrolls of enchant weapon
 V - a scroll of silence
Potions
 b - a potion of magic
 d - 4 potions of heal wounds
 e - 9 potions of curing
 g - a potion of lignification
 h - 3 potions of brilliance
 o - 4 potions of ambrosia
 x - 4 potions of mutation
 A - 7 potions of attraction
 K - 4 potions of flight
 O - 3 potions of resistance
 S - 6 potions of haste
Miscellaneous
 U - a condenser vane
 X - a phantom mirror


   Skills:
 * Level 9.5 Fighting
 - Level 1.0 Long Blades
 - Level 0.1(1.0) Axes
 - Level 1.6(1.7) Maces & Flails
 - Level 0.1(0.4) Polearms
 - Level 0.4(1.2) Staves
 - Level 0.1 Ranged Weapons
 - Level 0.2 Throwing
 - Level 0.2 Armour
 - Level 1.7 Dodging
 - Level 1.7 Stealth
 - Level 8.0 Shields
 - Level 10.0 Spellcasting
 * Level 12.4 Conjurations
 - Level 0.2 Hexes
 - Level 0.4 Summonings
 - Level 0.4 Necromancy
 - Level 0.2 Translocations
 - Level 10.0 Transmutations
 - Level 6.0 Fire Magic
 - Level 16.0 Ice Magic
 - Level 2.3 Air Magic
 - Level 0.2 Earth Magic
 - Level 10.0 Poison Magic
 - Level 0.4 Invocations
 - Level 1.6 Evocations


You had 3 spell levels left.
You knew the following spells:

 Your Spells              Type           Power      Damage    Failure   Level
a - Orb of Destruction    Conj           31%        9d10      10%         7
b - Frozen Ramparts       Ice            100%       1d12      1%          3
c - Ozocubu's Armour      Ice            91%        N/A       1%          3
d - Poisonous Vapours     Pois/Air       78%        N/A       1%          2
e - Ignite Poison         Fire/Tmut/Pois 50%        N/A       1%          3
f - Scorch                Fire           78%        2d9       1%          2
g - Ozocubu's Refrigerat  Ice            45%        4d14      2%          7
h - Eringya's Noxious Bo  Tmut/Pois      27%        N/A       4%          6

Your spell library contained the following spells:

 Spells                   Type           Power      Damage    Failure   Level
 Starburst                Conj/Fire      26%        6d8       7%          6
 Freeze                   Ice            100%       1d11      0%          1
 Ensorcelled Hibernation  Hex/Ice        100%       N/A       1%          2
 Passwall                 Tmut/Erth      29%        N/A       1%          2
 Static Discharge         Conj/Air       45%        3-9/arc   1%          2
 Inner Flame              Hex/Fire       25%        N/A       1%          3
 Mephitic Cloud           Conj/Pois/Air  49%        N/A       1%          3
 Swiftness                Air            22%        N/A       8%          3
 Confusing Touch          Hex            12%        N/A       19%         3
 Gell's Gravitas          Tloc           12%        N/A       19%         3
 Lesser Beckoning         Tloc           12%        N/A       19%         3
 Portal Projectile        Hex/Tloc       24%        N/A       19%         3
 Summon Guardian Golem    Hex/Summ       13%        N/A       19%         3
 Teleport Other           Tloc           12%        N/A       19%         3
 Tukima's Dance           Hex            12%        N/A       19%         3
 Hailstorm                Conj/Ice       86%        3d17      1%          4
 Ice Form                 Ice/Tmut       82%        N/A       1%          4
 Sticky Flame             Conj/Fire      52%        2d7       1%          4
 Freezing Cloud           Conj/Ice/Air   36%        6-21      1%          5
 Iskenderun's Battlesphe  Conj           62%        2d11      1%          5
 Summon Ice Beast         Ice/Summ       65%        N/A       2%          4
 Alistair's Intoxication  Tmut/Pois      36%        N/A       3%          5
 Blade Hands              Tmut           27%        N/A       3%          5
 Corpse Rot               Necr/Pois/Air  31%        N/A       12%         4
 Iron Shot                Conj/Erth      20%        9d5       21%         6
 Dispel Undead            Necr           13%        3d9       50%         4
 Anguish                  Hex/Necr       6%         N/A       52%         4
 Spellforged Servitor     Conj/Summ      20%        N/A       67%         7
 Silence                  Hex/Air        8%         N/A       75%         5
 Borgnjor's Vile Clutch   Necr/Erth      6%         N/A       86%         5
 Summon Mana Viper        Hex/Summ       13%        N/A       86%         5
 Dispersal                Tloc           6%         N/A       100%        6
 Monstrous Menagerie      Summ           6%         N/A       100%        7
 Borgnjor's Revivificati  Necr           6%         N/A       100%        8
 Discord                  Hex            6%         N/A       100%        8
 Necromutation            Tmut/Necr      17%        N/A       100%        8
 Death's Door             Necr           6%         N/A       100%        9


Dungeon Overview and Level Annotations

Branches:
Dungeon (15/15)            Temple (0/1) D:5            Lair (6/6) D:8
  Swamp (0/4) Lair:4       Spider (0/4) Lair:3        Slime (1/5) Lair:5
    Orc (0/2) D:11         Vaults (0/5) D:13         Depths (2/4) D:15
 Bailey (visited)

Altars:
Ashenzari
Cheibriados
Gozag
Ru
Uskayaw
Vehumet
Wu Jian
Xom

Shops:
D:12 *

Portals:
Hell: Depths:1

Annotations:
Lair:3 exclusion: hydra


Innate Abilities, Weirdness & Mutations

You are mostly covered in rugged brown scales. (AC +2, +5% HP)
A weak demonic guardian rushes to your aid.
Your demonic aura often causes spilled blood to erupt in flames.
You have a tail ending in a sharp stinger.


Message History

Your rust devil barely misses the shadow dragon.
The shadow dragon breathes negative energy at you.
The bolt of negative energy hits your rust devil.
Your rust devil completely resists.
The bolt of negative energy hits you!
You feel drained.
Your rust devil hits the shadow dragon.
The shadow dragon seems to be corroded for longer.
The shadow dragon bites your rust devil!
The shadow dragon closely misses your rust devil.
The shadow dragon claws your rust devil!
Your rust devil barely misses the shadow dragon.
The shadow dragon bites your rust devil but does no damage.
The shadow dragon claws your rust devil!
The shadow dragon claws your rust devil.
Your rust devil hits the shadow dragon.
The shadow dragon seems to be corroded for longer.
The shadow dragon bites your rust devil!
The shadow dragon claws your rust devil but does no damage.
The shadow dragon claws your rust devil.
Your rust devil dies!
Your rust devil disappears in a puff of smoke!
Your magical contamination has completely faded away.
Casting: Orb of Destruction (dangerous; 10% risk of failure)
Confirm with . or Enter, or press ? or * to list all spells.
Aiming: Orb of Destruction (dangerous; 10% risk of failure)
Press: ? - help, Shift-Dir - straight line, f/p - shadow dragon
Aim: a shadow dragon (moderately wounded, covered in acid)
The shadow dragon breathes negative energy at you.
The bolt of negative energy hits you!
You feel drained.
Unknown command.
The orb of destruction hits the shadow dragon!!!
The shadow dragon is heavily wounded.
Casting: Orb of Destruction (dangerous; 10% risk of failure)
Confirm with . or Enter, or press ? or * to list all spells.
Aiming: Orb of Destruction (dangerous; 10% risk of failure)
Press: ? - help, Shift-Dir - straight line, f/p - shadow dragon
Aim: a shadow dragon (magical condensation, heavily wounded, covered in acid)
The shadow dragon breathes negative energy at you.
The bolt of negative energy hits you!!
You feel drained.
You die...

##....#?#.......#### #..
##..#..#)#.#..##.#..####.
#.#.§....###...#.....# ##
##....#.[#.[..##..#### #
##.#...##D§#.#........#
#....#..[°[......##..##
####.....<*#..[#..###..#
##........[☼..[........##
####...#.(....@........####
###.####....#≈≈≈....○.[≈...#
.......#..##.≈≈≈≈≈.≈≈≈≈≈..###
###........#.≈≈≈≈≈≈≈≈≈≈≈#...#
#..###^.#.#.≈≈≈≈≈≈≈≈≈≈≈...##
#.###..#####≈≈≈≈≈≈≈≈≈≈≈.#..##
######..# #≈≈≈≈≈≈≈≈≈≈≈.#...#
###...### ♣≈≈≈≈≈≈≈≈≈≈≈♣#####
##.#...#.##♣≈≈≈≈≈≈≈≈≈≈≈♣


You could see a shadow dragon (catching breath, corroded, ally target).

Vanquished Creatures
  A walking earthen tome (Depths:1)
  Kirke (Lair:5)
  A tengu reaver (Depths:1)
  A sphinx (Depths:1)
  3 fire giants (Depths:1)
  8 very ugly things
  3 stone giants (Depths:1)
  An ettin (D:15)
  2 fire dragons (Depths:1)
  A great orb of eyes (D:15)
  2 rakshasas
  3 boulder beetles
  3 ice dragons (Depths:1)
  9 hydras
  5 catoblepae
  4 vault guards (D:13)
  5 ogre magi
  Erica (Lair:2)
  7 centaur warriors
  The ghost of astraldaughter the Carver, a novice DrCK of Xom (D:10)
  15 two-headed ogres
  2 deep troll earth magi (Depths:1)
  8 death yaks (Lair:6)
  4 hell knights (Depths:1)
  A spriggan berserker (Depths:1)
  A skeletal warrior (D:10)
  6 deep trolls
  A deep elf archer (D:13)
  A wizard (D:15)
  4 deep elf pyromancers
  6 necromancers
  3 orc knights
  16 ugly things
  An orc sorcerer (D:15)
  12 cyclopes
  13 slime creatures
  4 manticores
  Joseph (D:8)
  19 elephants
  9 black mambas
  7 gargoyles
  Psyche (D:8)
  An unseen horror (D:13)
  9 cane toads
  3 kobold demonologists
  9 komodo dragons
  2 yaktaurs
  A freezing wraith (D:15)
  5 rime drakes
  An efreet (D:15)
  2 tengu conjurers (D:13)
  A troll (shapeshifter) (D:15)
  3 meliai (D:15)
  5 polar bears
  A burning bush (Lair:1)
  8 trolls
  Prince Ribbit (D:9)
  Grinder (D:5)
  A wolf spider simulacrum (D:14)
  7 blink frogs
  Sigmund (D:5)
  4 centaur simulacra
  A spriggan (Lair:5)
  3 shadows (D:10)
  2 vampires
  2 wyverns
  Eustachio (D:5)
  6 hogs (Lair:5)
  A human (D:13)
  54 yaks
  6 water elementals (Depths:1)
  4 basilisks
  3 redbacks (D:14)
  A steam dragon (D:8)
  3 vampire mosquitoes
  4 acid dragons
  7 water moccasins
  A water moccasin (shapeshifter) (D:14)
  2 black bears
  20 orc warriors
  4 ice beasts (D:11)
  A meliai simulacrum (D:11)
  A swamp drake (D:11)
  18 wolves
  21 centaurs
  10 ogres
  5 kobold brigands
  2 phantoms
  14 bullfrogs
  4 gnoll sergeants
  2 scorpions (D:5)
  5 wights
  5 killer bees (D:9)
  2 electric eels
  3 howler monkeys
  4 crimson imps (D:13)
  4 hounds
  4 gnoll boudas
  7 orc priests
  4 jellies
  Crazy Yiuf (D:5)
  10 orc wizards
  4 iguanas
  11 adders
  25 gnolls
  A river rat (D:6)
  A white imp (D:11)
  An ufetubus (D:6)
  2 worms
  A dart slug (D:1)
  63 orcs
  8 endoplasms
  4 giant cockroaches
  11 goblins
  5 hobgoblins
  8 jackals
  18 kobolds
  2 quokkas (D:2)
  16 ball pythons
  9 bats
  6 frilled lizards
  7 rats
  A bush (Lair:6)
719 creatures vanquished.

Vanquished Creatures (collateral kills)
  2 black mambas
  A freezing wraith (D:14)
  A blink frog (Lair:5)
  A vampire mosquito (D:13)
  A wolf (Lair:4)
  2 wights (D:6)
  A gnoll bouda (D:6)
  2 gnolls (D:6)
  4 orcs
  A goblin (D:4)
  2 jackals (D:6)
18 creatures vanquished.

Vanquished Creatures (others)
  A water elemental (Depths:1)
  3 bushes (Lair:5)
  48 fungi
  84 plants
136 creatures vanquished.

Grand Total: 873 creatures vanquished

Notes
Turn   | Place    | Note
-------+----------+-------------------------------------------
     0 | D:1      | Malachi the Demonspawn Ice Elementalist began the quest for
                  | the Orb.
     0 | D:1      | Reached XP level 1. HP: 13/13 MP: 3/3
   355 | D:1      | Found a faded altar of an unknown god.
   416 | D:1      | Gained mutation: Your demonic aura sometimes causes spilled
                  | blood to erupt in flames. [demonic ancestry]
   416 | D:1      | Reached XP level 2. HP: 19/19 MP: 2/5
  1415 | D:2      | Reached XP level 3. HP: 21/25 MP: 0/7
  1834 | D:2      | Learned a level 3 spell: Frozen Ramparts
  1838 | D:2      | Learned a level 3 spell: Ozocubu's Armour
  2236 | D:2      | Gained mutation: A weak demonic guardian rushes to your
                  | aid. [demonic ancestry]
  2236 | D:2      | Reached XP level 4. HP: 30/31 MP: 5/9
  2407 | D:2      | Reached skill level 4 in Ice Magic
  3076 | D:3      | Gained mutation: You are partially covered in rugged brown
                  | scales. (AC +1, +3% HP) [demonic ancestry]
  3076 | D:3      | Reached XP level 5. HP: 26/37 MP: 7/11
  3410 | D:4      | Noticed an ogre
  3422 | D:4      | Killed an ogre
  3423 | D:4      | Reached skill level 5 in Ice Magic
  3546 | D:4      | Gained mutation: You have a small tail. [demonic ancestry]
  3546 | D:4      | Reached XP level 6. HP: 42/43 MP: 8/12
  4285 | D:5      | Entered Level 5 of the Dungeon
  4297 | D:5      | Found a sacrificial altar of Ru.
  4297 | D:5      | Found a broken altar of Ashenzari.
  4524 | D:5      | Reached skill level 6 in Ice Magic
  4928 | D:5      | Found a runed translucent door.
  4929 | D:5      | Noticed Crazy Yiuf
  5100 | D:6      | Reached XP level 7. HP: 21/48 MP: 10/13
  5116 | D:6      | Reached skill level 7 in Ice Magic
  5254 | D:6      | Identified a scroll of acquirement
  5254 | D:6      | Acquired Sif Muna's Reference Book on Vexing Firn
  5356 | D:5      | Noticed Eustachio
  5388 | D:5      | Killed Eustachio
  5389 | D:5      | Reached skill level 1 in Maces & Flails
  5389 | D:5      | Reached skill level 8 in Ice Magic
  5601 | D:5      | Found a staircase to the Ecumenical Temple.
  5603 | D:5      | Noticed Sigmund
  5610 | D:5      | Killed Sigmund
  5611 | D:5      | Gained mutation: Your demonic aura often causes spilled
                  | blood to erupt in flames. [demonic ancestry]
  5611 | D:5      | Reached XP level 8. HP: 44/54 MP: 6/14
  5708 | D:5      | Noticed Grinder
  5719 | D:5      | Acquired a +2 buckler of reflection
  5902 | D:5      | Reached skill level 1 in Evocations
  6112 | D:6      | Reached skill level 1 in Conjurations
  6112 | D:6      | Reached skill level 1 in Air Magic
  6561 | D:6      | Reached skill level 1 in Shields
  7054 | D:6      | Reached skill level 1 in Long Blades
  7195 | D:6      | Reached XP level 9. HP: 59/59 MP: 6/16
  7371 | D:6      | Reached skill level 5 in Spellcasting
  8307 | D:7      | Noticed a gargoyle
  8311 | D:7      | Killed a gargoyle
  8317 | D:7      | Noticed a gargoyle
  8602 | D:7      | Killed a gargoyle
  8603 | D:7      | Reached skill level 5 in Shields
  8800 | D:7      | Noticed a gargoyle
  8804 | D:7      | Killed a gargoyle
  8890 | D:7      | Noticed a gargoyle
  8895 | D:7      | Killed a gargoyle
  8934 | D:7      | Noticed a gargoyle
  8937 | D:7      | Killed a gargoyle
  8938 | D:7      | Reached XP level 10. HP: 60/65 MP: 10/17
  8946 | D:7      | Noticed a gargoyle
  8950 | D:7      | Killed a gargoyle
  9034 | D:7      | Found a shimmering altar of Xom.
  9034 | D:7      | Found a radiant altar of Vehumet.
  9037 | D:7      | Found a snail-covered altar of Cheibriados.
  9037 | D:7      | Found a hide-covered altar of Uskayaw.
  9044 | D:7      | Became a worshipper of Vehumet
  9100 | D:7      | Reached skill level 1 in Poison Magic
  9598 | D:5      | Found an ornate altar of the Wu Jian Council.
  9738 | D:5      | Reached skill level 1 in Fire Magic
  9744 | D:5      | Killed Grinder
 10081 | D:5      | Killed Crazy Yiuf
 10249 | D:8      | Noticed Psyche
 10280 | D:8      | Found a staircase to the Lair.
 10447 | D:8      | Noticed Joseph
 10462 | D:8      | Killed Joseph
 10574 | D:8      | Learned a level 2 spell: Poisonous Vapours
 10975 | D:8      | Killed Psyche
 11220 | D:8      | Reached * piety under Vehumet
 11220 | D:8      | Offered knowledge of Sandblast by Vehumet.
 11248 | D:8      | Learned a level 3 spell: Ignite Poison
 11510 | Lair:1   | Entered Level 1 of the Lair of Beasts
 11598 | Lair:1   | Identified the +7 rapier "Hidouquo" {drain, Fragile Dex+4}
 11681 | Lair:1   | Identified the +0 dagger "Ybleb" {spect, Fragile rC+++
                  | rCorr Int+2}
 11794 | Lair:1   | Reached skill level 5 in Poison Magic
 11804 | Lair:1   | Noticed a black mamba
 12161 | Lair:1   | Noticed a black mamba
 12169 | Lair:1   | Killed a black mamba
 12332 | Lair:1   | Killed a black mamba
 12333 | Lair:1   | Reached skill level 5 in Fire Magic
 12718 | Lair:1   | Reached skill level 1 in Transmutations
 12718 | Lair:1   | Reached XP level 11. HP: 61/71 MP: 12/18
 13268 | Lair:2   | You fall into a shaft and drop 2 floors!
 13441 | Lair:4   | Noticed a catoblepas
 13622 | Lair:4   | Offered knowledge of Scorch by Vehumet.
 13626 | Lair:4   | Reached ** piety under Vehumet
 13992 | Lair:4   | Found a staircase to the Swamp.
 13994 | Lair:4   | Noticed a swamp dragon
 14341 | Lair:5   | Learned a level 2 spell: Scorch
 14341 | Lair:5   | Found a staircase to the Slime Pits.
 14770 | Lair:5   | Reached skill level 9 in Ice Magic
 15120 | Lair:5   | Reached skill level 5 in Transmutations
 15193 | Lair:5   | Noticed Kirke
 15212 | Lair:5   | Offered knowledge of Conjure Flame by Vehumet.
 15216 | Lair:5   | Gained mutation: You are mostly covered in rugged brown
                  | scales. (AC +2, +5% HP) [demonic ancestry]
 15216 | Lair:5   | Reached XP level 12. HP: 56/78 MP: 21/24
 15460 | Lair:5   | Reached skill level 10 in Ice Magic
 15631 | Lair:5   | Killed Kirke
 15635 | Lair:5   | HP: 1/78 [blink frog (9)]
 15881 | Lair:5   | Identified the +3 war axe of False Hope {drain, rC+ Dex+5}
 15888 | Lair:5   | Reached *** piety under Vehumet
 16133 | Lair:5   | Reached skill level 11 in Ice Magic
 17474 | Lair:4   | Learned a level 7 spell: Ozocubu's Refrigeration
 17778 | Lair:4   | Reached skill level 12 in Ice Magic
 17780 | Lair:4   | Offered knowledge of Airstrike by Vehumet.
 18421 | Lair:4   | Killed a catoblepas
 18800 | Lair:3   | Found a hole to the Spider Nest.
 19516 | Lair:3   | Noticed a boulder beetle
 19523 | Lair:3   | Killed a boulder beetle
 20137 | Lair:3   | Reached skill level 13 in Ice Magic
 20359 | Lair:3   | Reached XP level 13. HP: 67/84 MP: 21/25
 21713 | Lair:2   | Noticed Erica
 21729 | Lair:2   | Killed Erica
 22933 | Slime:1  | Entered Level 1 of the Pits of Slime
 22933 | Slime:1  | Noticed an azure jelly
 22970 | Lair:6   | Entered Level 6 of the Lair of Beasts
 23189 | Lair:6   | Identified the +1 robe "Cecuun" {-Tele Str+5 Dex+7}
 23322 | Lair:6   | Reached skill level 14 in Ice Magic
 24277 | Lair:6   | Reached skill level 15 in Ice Magic
 24278 | Lair:6   | Reached **** piety under Vehumet
 25495 | Lair:6   | Reached skill level 16 in Ice Magic
 25704 | Lair:6   | Reached skill level 1 in Fighting
 25903 | Lair:6   | Offered knowledge of Flame Wave by Vehumet.
 25906 | Lair:6   | Reached XP level 14. HP: 92/92 MP: 2/26
 27352 | D:9      | Noticed Prince Ribbit
 27356 | D:9      | Killed Prince Ribbit
 27595 | D:10     | Entered Level 10 of the Dungeon
 27704 | D:10     | Found a flagged portal.
 27710 | Bailey   | Entered a bailey
 28429 | Bailey   | Identified the +1 glaive "Beast's Nightmare" {vorpal,
                  | Fragile rC++}
 28434 | Bailey   | Reached skill level 10 in Spellcasting
 28940 | D:10     | Found a runed translucent gate.
 28940 | D:10     | Found a runed translucent gate.
 28940 | D:10     | Found a runed translucent gate.
 28942 | D:10     | Found an opulent altar of Gozag.
 28956 | D:10     | Noticed astraldaughter's ghost (novice DrCK)
 28993 | D:10     | You fall into a shaft and drop 3 floors!
 29034 | D:13     | Reached ***** piety under Vehumet
 29373 | D:13     | Offered knowledge of Orb of Destruction by Vehumet.
 29383 | D:13     | Reached skill level 5 in Fighting
 29605 | D:13     | Found a shimmering altar of Xom.
 31218 | D:13     | Found a gate to the Vaults.
 31338 | D:13     | Acquired the +0 staff of Battle
 31338 | D:13     | Found the +0 staff of Battle
 31868 | D:12     | Learned a level 6 spell: Eringya's Noxious Bog
 32303 | D:12     | Found Qieg's Blood Bar.
 32966 | D:12     | Learned a level 7 spell: Orb of Destruction
 33886 | D:11     | Reached skill level 5 in Conjurations
 34252 | D:11     | Gained mutation: You have a tail ending in a sharp stinger.
                  | [demonic ancestry]
 34252 | D:11     | Reached XP level 15. HP: 108/108 MP: 21/29
 34425 | D:11     | Found a staircase to the Orcish Mines.
 35113 | D:10     | Offered knowledge of Yara's Violent Unravelling by Vehumet.
 35802 | D:10     | Identified the +1 chain mail of Sif Muna's Benevolence
                  | {Harm}
 36267 | D:10     | Killed astraldaughter's ghost
 36797 | D:11     | Got the Papyrus of the Squall and Enchantment
 38208 | D:14     | Reached XP level 16. HP: 114/114 MP: 30/30
 38235 | D:15     | Entered Level 15 of the Dungeon
 38636 | D:15     | Reached skill level 10 in Poison Magic
 38640 | D:15     | Reached skill level 10 in Transmutations
 38941 | D:15     | Reached skill level 10 in Conjurations
 40292 | D:15     | Found a staircase to the Depths.
 40368 | D:15     | Identified the +1 robe "Deuppikh" {Str+4}
 40418 | Depths:1 | Entered Level 1 of the Depths
 40577 | Depths:1 | Reached XP level 17. HP: 83/120 MP: 5/31
 42096 | Depths:1 | Found a gateway to Hell.
 42113 | Depths:1 | Noticed a walking earthen tome
 42118 | Depths:1 | Killed a walking earthen tome
 42132 | Depths:1 | Offered knowledge of Starburst by Vehumet.
 42701 | Depths:1 | Identified the +2 helmet "Loitt" {rC++}
 44197 | Depths:1 | Noticed a tentacled monstrosity
 44986 | Depths:1 | Killed from afar by a shadow dragon

Illustrated notes

Levels and vault maps discovered:
D:1:      psy_arrival_spokes, layout_loops_corners, basic_ecumenical_altar
D:2:      kennysheep_six_static_rooms, layout_basic, grunt_ministairs_15
D:3:      layout_basic
D:4:      layout_gridville, minmay_fractal_squares_gapless_5
D:5:      layout_layer_cave, gammafunk_temple_overflow_wave,
          minmay_temple_entry_crystal_x, minmay_ruined_shrine, uniq_sigmund,
          uniq_grinder, uniq_crazy_yiuf_cottage, uniq_eustachio
D:6:      layout_cave_pools, serial_gnoll_camp, gnoll_camp_mini_hut,
          gnoll_camp_medium_01, gnoll_camp_mini_basic, gnoll_camp_huts_moat,
          portal_sewer_entry_e
D:7:      cheibrodos_statue_roulette, layout_cave_pools,
          mainiacjoe_overflow_alcove_3
D:8:      layout_cave_pools, lair_entry_dummy, kennysheep_cross_room,
          uniq_joseph, uniq_psyche
D:9:      layout_basic, skrybe_limestone_x, uniq_prince_ribbit1
D:10:     minmay_the_grid_plus [minmay_the_grid_paths, minmay_the_grid_box_x,
          minmay_the_grid_empty, minmay_the_grid_plusring,
          minmay_the_grid_prize_inner_circle], layout_layer_cave,
          ebering_ghost_gozag, enter_bailey_4
D:11:     layout_grid_maze, erik_orc_1, serial_ice, serial_ice_c, serial_ice_g,
          serial_ice_e, serial_ice_i, minivault_21, chequers_jeans
D:12:     layout_roguey, guppyfry_shop_blood
D:13:     layout_basic, grunt_vaults_entry_fortified, amcnicky_mini_pool_small,
          led_xom_imps
D:14:     layout_grid_maze, minmay_misc_feat_alley
D:15:     hangedman_depths_entry_civil_slaughter, layout_rooms,
          serial_park_square3 [serial_park_minivault_5x5_1], grunt_potential
Lair:1:   layout_cave_pods, evilmike_ambush [evilmike_ambush_outer_basic,
          evilmike_ambush_inner_cross]
Lair:2:   layout_regular_city, grunt_megastairs_5, uniq_erica
Lair:3:   layout_cave_pods, dummy_spider_entry
Lair:4:   layout_roguey, minmay_swamp_entry_reptiles
Lair:5:   layout_cave_pods, slime_entry_1, grunt_forest_stairs_clearing,
          grunt_megastairs_2, uniq_kirke
Lair:6:   evilmike_catoblepas_cave, layout_cellular_growth
Slime:1:  layout_caves
Depths:1: layout_twisted_cross, hangedman_coc_ice_floe, mu_enter_wizlab_3,
          minmay_misc_feat_nine_boxes, small_chamber_with_monster,
          kennysheep_inner_square, serial_bayou_shore_a
Depths:2: nzn_winding_woodlands_small [nzn_winding_woodlands_5x15_parted,
          nzn_winding_woodlands_center_lodge,
          nzn_winding_woodlands_5x15_pockets], layout_basic, hell_entry,
          kennysheep_big_empty_room, nicolae_trove_entry_crystal,
          rand_demon_pan_entry_7, bloody_trog

Skill      XL: |  1  2  3  4  5  6  7  8  9 10 11 12 13 14 15 16 17 |
---------------+----------------------------------------------------+-----
Spellcasting   | 3 4 5 8 10 | 10.0
Ice Magic      | 4 5 6 8 9 13 16 | 16.0
Maces & Flails | 1 |  1.6
Evocations     | 1 |  1.6
Conjurations   | 2 5 7 11 12 | 12.4
Air Magic      | 2 |  2.3
Shields        | 1 7 8 |  8.0
Long Blades    | 1 |  1.0
Poison Magic   | 6 9 10 | 10.0
Fire Magic     | 5 6 |  6.0
Transmutations | 1 5 6 7 9 10 | 10.0
Fighting       | 1 5 9 |  9.5
Axes           | |  0.1
Polearms       | |  0.1
Staves         | |  0.4
Ranged Weapons | |  0.1
Throwing       | |  0.2
Armour         | |  0.2
Dodging        | |  1.7
Stealth        | |  1.7
Hexes          | |  0.2
Summonings     | |  0.4
Necromancy     | |  0.4
Translocations | |  0.2
Earth Magic    | |  0.2
Invocations    | |  0.4

Action                   |  1- 3 |  4- 6 |  7- 9 | 10-12 | 13-15 | 16-18 || total
-------------------------+-------+-------+-------+-------+-------+-------++-------
Melee: Unarmed           |     5 |       |       |       |       |       ||     5
       Short sword       |     5 |    15 |    24 |       |       |       ||    44
       Dagger            |     2 |       |       |       |       |       ||     2
       Punch             |       |     1 |     1 |       |       |       ||     2
       Tailslap          |       |       |     8 |    26 |     9 |     2 ||    45
       Scimitar          |       |       |    42 |   162 |    19 |       ||   223
       Staff             |       |       |       |       |    39 |    14 ||    53
 Cast: Freeze            |    61 |    56 |    58 |    80 |    42 |       ||   297
       Frozen Ramparts   |       |     6 |    27 |    66 |    28 |       ||   127
       Ozocubu's Armour  |       |       |     9 |    37 |     4 |       ||    50
       Poisonous Vapours |       |       |       |    90 |    34 |       ||   124
       Ignite Poison     |       |       |       |     5 |    10 |       ||    15
       Scorch            |       |       |       |    12 |   129 |    72 ||   213
       Ozocubu's Refrige |       |       |       |       |   161 |   124 ||   285
       Eringya's Noxious |       |       |       |       |     1 |     6 ||     7
       Orb of Destructio |       |       |       |       |       |     3 ||     3
Evoke: Wand              |       |       |     2 |     1 |     1 |     7 ||    11
  Use: Scroll            |       |     4 |    11 |    10 |     9 |     6 ||    40
       Potion            |       |       |     1 |     5 |     7 |     1 ||    14
 Stab: Sleeping          |       |     1 |     3 |     1 |       |       ||     5
       Invisible         |       |       |       |     2 |       |       ||     2
Armor: Robe              |     7 |    12 |    27 |   133 |    79 |    30 ||   288
Dodge: Dodged            |    56 |    59 |   131 |   243 |    85 |    51 ||   625
Block: Buckler           |       |       |    80 |   221 |   202 |    84 ||   587
       Reflection        |       |       |    15 |     7 |    41 |     4 ||    67

Table legend: (Time is in decaauts)
 A = Elapsed time spent in this place.
 B = Non-inter-level travel time spent in this place.
 C = Inter-level travel time spent in this place.
 D = Time resting spent in this place.
 E = Time spent auto-exploring this place.
 F = Levels seen in this place.
 G = Mean time per level.
                   A        B        C        D        E       F      G
               +--------+--------+--------+--------+--------+-----+--------+
         Total |  45147 |  43762 |   1385 |  18462 |  17696 |  25 | 1805.9 |
       Dungeon |  26301 |  25380 |    921 |   8628 |  12249 |  15 | 1753.4 |
          Lair |  15130 |  14666 |    464 |   7535 |   5026 |   6 | 2521.7 |
    Slime Pits |      1 |      1 |      0 |      0 |      0 |   1 |    1.0 |
        Depths |   2974 |   2974 |      0 |   1844 |    421 |   2 | 1487.0 |
        Bailey |    738 |    738 |      0 |    455 |      0 |   1 |  738.0 |
               +--------+--------+--------+--------+--------+-----+--------+

Top non-repeatable levels by time:
    D:15: 3470 daAuts
  Lair:5: 3460 daAuts
  Lair:6: 3430 daAuts
     D:6: 2699 daAuts
Depths:1: 2532 daAuts
  Lair:4: 2529 daAuts
  Lair:3: 2324 daAuts
    D:13: 2302 daAuts
    D:10: 2187 daAuts
     D:5: 2072 daAuts
    D:12: 1897 daAuts
    D:11: 1829 daAuts
    D:14: 1722 daAuts
  Lair:2: 1713 daAuts
  Lair:1: 1672 daAuts
